 Dungeon Crawl Stone Soup version 0.28.0-43-g3370ac3207 (webtiles) character file.

Game seed: 7126353550282943404

1226 adizb the Ruffian (level 8, -6/79 HPs)
             Began as a Troll Fighter on Mar 5, 2022.
             Mangled by an orc warrior
             ... wielding a +0 battleaxe
              (10 damage)
             ... on level 5 of the Dungeon.
             The game lasted 00:14:06 (2762 turns).

adizb the Ruffian (Troll Fighter)                   Turns: 2762, Time: 00:14:07

Health: -6/79      AC:  6    Str: 27    XL:     8   Next: 23%
Magic:  7/7        EV: 10    Int:  4    God:
Gold:   192        SH:  0    Dex:  9    Spells: 7/7 levels left

rFire   + . .      SeeInvis +     - Unarmed
rCold   . . .      Faith    .   (no shield)
rNeg    . . .      Spirit   .   u - +2 robe {rF+}
rPois   .          Reflect  .   (helmet restricted)
rElec   .          Harm     .   (no cloak)
rCorr   .          Rampage  .   (gloves unavailable)
Will    +....                   (boots unavailable)
Stlth   +.........              (no amulet)
HPRegen 1.03/turn               i - ring of willpower
MPRegen 0.10/turn               j - ring of see invisible

@: mighty
A: large, unfitting armour, claws 3, regeneration 1, shaggy fur 1, tough skin 1
a: no special abilities


You were on level 5 of the Dungeon.
You visited 1 branch of the dungeon, and saw 5 of its levels.

You collected 192 gold pieces.

Inventory:

Missiles
 g - 6 boomerangs (quivered)
Armour
 a - a +0 robe
 u - a +2 robe of fire resistance (worn)
Jewellery
 i - a ring of willpower (left claw)
 j - a ring of see invisible (right claw)
 m - a +6 ring of intelligence
Scrolls
 e - a scroll of noise {unknown}
 h - 3 scrolls of teleportation {unknown}
 n - 2 scrolls of enchant weapon {unknown}
 p - 2 scrolls of amnesia {unknown}
 t - 3 scrolls of identify {unknown}
Potions
 b - 2 potions of magic {unknown}
 d - 3 potions of lignification {unknown}
 f - a potion of mutation {unknown}
 k - a potion of flight {unknown}
 l - a potion of brilliance {unknown}
 o - a potion of curing {unknown}
 q - a potion of haste {unknown}
 r - a potion of ambrosia {unknown}
 s - a potion of degeneration {unknown}
 v - a potion of resistance {unknown}


   Skills:
 + Level 4.9 Fighting
 + Level 4.3 Dodging
 - Level 2.4 Shields
 * Level 7.5 Unarmed Combat


You had 7 spell levels left.
You didn't know any spells.
Your spell library contained the following spells:

 Spells                   Type           Power      Damage    Failure   Level
 Animate Skeleton         Necr           0%         N/A       50%         1
 Apportation              Tloc           0%         N/A       50%         1
 Summon Small Mammal      Summ           0%         N/A       50%         1


Dungeon Overview and Level Annotations

Branches:
Dungeon (5/15)
 Temple: D:4-7

Altars:
Ashenzari
Yredelemnul

Shops:
D:1 ?


Innate Abilities, Weirdness & Mutations

You are too large for most types of armour.
You have claws for hands.
Your natural rate of healing is unusually fast.
You are covered in fur. (AC +1)
You have tough skin. (AC +1)


Message History

The arrow barely misses you. The orc hits you with a +0 dagger.
You claw the orc!
You kill the orc!
The centaur shoots an arrow.
The arrow hits you.
An orc priest comes into view. It is wielding a +0 club.
The centaur shoots an arrow.
The arrow hits you.
An orc priest comes into view. It is wielding a +0 hand axe.
The centaur shoots an arrow.
The arrow hits you!
The centaur shoots an arrow.
The arrow hits you.
You closely miss the orc warrior. You claw the orc warrior!
The orc warrior is heavily wounded.
The orc warrior hits you with a +0 battleaxe!
The orc hits you but does no damage.
You closely miss the orc warrior.
The orc warrior is heavily wounded.
The orc warrior hits you with a +0 battleaxe!
The orc hits you with a +0 flail.
You claw the orc warrior! Your claw misses the orc warrior.
The orc warrior is almost dead.
The orc warrior hits you with a +0 battleaxe!
* * * LOW HITPOINT WARNING * * *
The orc hits you with a +0 flail.
* * * LOW HITPOINT WARNING * * *
The centaur shoots an arrow.
The arrow barely misses you.
The centaur shoots an arrow.
The arrow completely misses you.
You claw the orc!
You kill the orc!
The centaur shoots an arrow.
The arrow closely misses you. The orc warrior closely misses you.
The centaur shoots an arrow.
The arrow hits you!
* * * LOW HITPOINT WARNING * * *
The centaur shoots an arrow.
The arrow hits you.
* * * LOW HITPOINT WARNING * * *
The orc priest calls down the wrath of Beogh upon you.
Beogh smites you!
* * * LOW HITPOINT WARNING * * *
You feel very mighty all of a sudden.
The orc warrior hits you with a +0 battleaxe!
You die...

.......##......##.#...#
......................#
.##..................##
.##....>..............###
##....................#.##
. ##......#####.........#
.. ##.#... #..c......# #..
###... ##.o#..##..# #..#
#... ###.@##....######
##.. #...
#.....o..######.# # #..
.... #........##.#...###
..........o.o..co....#
####.......#o..#)o.###
.....##...#...##.o..#
.....# ##.#..#####..##
..... ..#....#...## ..).
##.....oco###


You could see an orc warrior, a centaur, 2 orc priests and 2 orcs.

Vanquished Creatures
  Pikel (D:4)
  Sigmund (D:4)
  Eustachio (D:4)
  Menkaure (D:5)
  2 sky beasts
  A lemure (D:3)
  2 jellies
  3 hounds
  4 orcs (D:5)
  6 bats
  6 endoplasms
  4 giant cockroaches
  7 goblins
  8 hobgoblins
  7 kobolds
  A quokka (D:2)
  3 ball pythons
  5 frilled lizards
  4 rats
  A spectral orc (D:4)
68 creatures vanquished.

Notes
Turn   | Place    | Note
-------+----------+-------------------------------------------
     0 | D:1      | adizb the Troll Fighter began the quest for the Orb.
     0 | D:1      | Reached XP level 1. HP: 22/22 MP: 0/0
   200 | D:1      | Found Peqoecsi's Magic Scroll Shoppe.
   464 | D:1      | Reached XP level 2. HP: 29/29 MP: 1/1
   931 | D:2      | Reached skill level 3 in Unarmed Combat
   940 | D:2      | Found a broken altar of Ashenzari.
   988 | D:2      | Found a faded altar of an unknown god.
  1241 | D:2      | Reached XP level 3. HP: 36/36 MP: 2/2
  1307 | D:3      | Noticed a sky beast
  1315 | D:3      | Killed a sky beast
  1316 | D:3      | Reached skill level 4 in Unarmed Combat
  1316 | D:3      | Reached XP level 4. HP: 42/45 MP: 3/3
  1958 | D:3      | Reached XP level 5. HP: 53/53 MP: 4/4
  2125 | D:4      | Noticed a lemure
  2141 | D:4      | Noticed a lemure
  2141 | D:4      | Noticed a lemure
  2142 | D:4      | Noticed Pikel
  2144 | D:4      | Noticed a lemure
  2153 | D:3      | Killed a lemure
  2236 | D:4      | Noticed Sigmund
  2246 | D:4      | Killed Sigmund
  2247 | D:4      | Reached skill level 5 in Unarmed Combat
  2247 | D:4      | Reached XP level 6. HP: 38/62 MP: 5/5
  2313 | D:4      | Killed Pikel
  2314 | D:4      | Reached skill level 6 in Unarmed Combat
  2314 | D:4      | Reached XP level 7. HP: 31/71 MP: 6/6
  2375 | D:4      | Noticed Eustachio
  2388 | D:4      | Killed Eustachio
  2389 | D:4      | Reached skill level 7 in Unarmed Combat
  2490 | D:4      | Found a basalt altar of Yredelemnul.
  2624 | D:5      | Entered Level 5 of the Dungeon
  2624 | D:5      | Noticed Menkaure
  2639 | D:4      | Reached XP level 8. HP: 78/79 MP: 7/7
  2652 | D:5      | Killed Menkaure
  2761 | D:5      | HP: 3/79 [orc priest/divine providence (9)]
  2762 | D:5      | Mangled by an orc warrior

Illustrated notes

Levels and vault maps discovered:
D:1:      dpeg_arrival_short_road, layout_loops_corners, serial_shops, shop
D:2:      cheibrodos_greedy_goblins, layout_rooms, basic_altar,
          basic_ecumenical_altar
D:3:      layout_loops_corners
D:4:      layout_rooms, yredelemnul_forgotten_temple_becter, uniq_eustachio,
          uniq_sigmund, uniq_pikel
D:5:      layout_cave_pools, temple_doors_ab, uniq_menkaure

Skill      XL: |  1  2  3  4  5  6  7 |
---------------+----------------------+-----
Unarmed Combat | 3 4 5 6 7 |  7.5
Fighting       | 3 4 |  4.9
Dodging        | 3 4 |  4.3
Shields        | |  2.4

Action                   |  1- 3 |  4- 6 |  7- 9 || total
-------------------------+-------+-------+-------++-------
Melee: Unarmed           |    82 |    66 |    46 ||   194
       Punch             |     2 |     1 |       ||     3
  Use: Potion            |       |       |     1 ||     1
Armor: Robe              |    26 |    18 |    10 ||    54
Dodge: Dodged            |    44 |    22 |    25 ||    91
